 Dungeon Crawl Stone Soup version 0.29.0-4-gdea44cf6ec (webtiles) character file.

Game seed: 6244771766645265955

11971 qw the Severer (level 11, 0/97 HPs)
             Began as a Minotaur Berserker on Sept 6, 2022.
             Was a Priest of Trog.
             Slain by a six-headed hydra (2 damage)
             ... on level 2 of the Lair of Beasts.
             The game lasted 00:03:33 (11346 turns).

qw the Severer (Minotaur Berserker)                Turns: 11346, Time: 00:03:33

Health: 0/97       AC: 19    Str: 25    XL:     11   Next: 56%
Magic:  10/10      EV:  8    Int: 10    God:    Trog [***...]
Gold:   267        SH:  5    Dex: 11    Spells: 10/10 levels left

rFire   + . .      SeeInvis .   q - +0 flail (drain)
rCold   . . .      Faith    .   e - +0 buckler
rNeg    . . .      Spirit   .   o - +0 plate armour
rPois   .          Reflect  .   (helmet restricted)
rElec   .          Harm     .   f - +0 cloak
rCorr   .          Rampage  .   c - +1 pair of gloves
Will    .....                   g - +0 pair of boots
Stlth   ..........              (no amulet)
HPRegen 0.26/turn               s - ring of protection from fire
MPRegen 0.12/turn               u - +6 ring of intelligence

@: about to teleport, on berserk cooldown, slowed, very slow
A: horns 2, retaliatory headbutt
a: Renounce Religion, Berserk, Trog's Hand


You were on level 2 of the Lair of Beasts.
You worshipped Trog.
Trog was most pleased with you.
You visited 2 branches of the dungeon, and saw 10 of its levels.

You collected 600 gold pieces.
You spent 333 gold pieces at shops.


Innate Abilities, Weirdness & Mutations

You have a pair of horns on your head.
You reflexively headbutt those who attack you in melee.


   Skills:
 - Level 9.0 Fighting
 + Level 16.9 Axes
 - Level 2.6 Throwing
 - Level 9.0 Armour
 - Level 3.5 Dodging
 - Level 6.6 Shields


You had 10 spell levels left.
You didn't know any spells.
Your spell library was empty.

Inventory:

Hand Weapons
 q - a +0 flail of draining (weapon)
 Y - a +1 broad axe
Missiles
 r - 6 boomerangs (quivered)
Armour
 c - a +1 pair of gloves (worn)
 e - a +0 buckler (worn)
 f - a +0 cloak (worn)
 g - a +0 pair of boots (worn)
 o - a +0 plate armour (worn)
Jewellery
 b - a ring of protection from fire
 d - an amulet of reflection
 k - a ring of ice
 s - a ring of protection from fire (left hand)
 u - a +6 ring of intelligence (right hand)
Scrolls
 j - 3 scrolls of identify
Potions
 a - 2 potions of haste
 h - a potion of mutation
 m - a potion of might
 n - 3 potions of curing
 p - a potion of heal wounds
 t - a potion of cancellation

Dungeon Overview and Level Annotations

Branches:
Dungeon (8/15)             Temple (0/1) D:6            Lair (2/5) D:8
  Swamp (0/4) Lair:2
  Snake: Lair:2-3    Spider: Lair:2-3

Altars:
Dithmenos
Elyvilon
Fedhas
Makhleb
Nemelex Xobeh
Okawaru
Sif Muna
Trog
Zin
The Shining One

Shops:
D:4 *([   D:6 ?

Annotations:
D:3 Natasha


Message History

You sense an unholy aura.
q - a +0 flail of draining (weapon)
You block the cane toad's attack.
You hit the cane toad. Your headbutt misses the cane toad.
The cane toad is heavily wounded.
You thump the six-headed hydra!
You headbutt the six-headed hydra, but do no damage.
The six-headed hydra is lightly wounded.
The six-headed hydra barely misses you.
You block the six-headed hydra's attack.
The six-headed hydra bites you but does no damage.
The six-headed hydra closely misses you.
The six-headed hydra barely misses you.
You block the six-headed hydra's attack.
You sock the six-headed hydra! You drain the six-headed hydra.
You headbutt the six-headed hydra.
The six-headed hydra is heavily wounded.
You block the six-headed hydra's attack.
The six-headed hydra bites you.
The six-headed hydra bites you but does no damage.
The six-headed hydra barely misses you.
The six-headed hydra bites you but does no damage. x4
You block the six-headed hydra's attack.
The six-headed hydra bites you but does no damage. x2
The six-headed hydra bites you!
You sock the six-headed hydra!
Your headbutt misses the six-headed hydra.
The six-headed hydra is heavily wounded.
The six-headed hydra bites you.
You block the six-headed hydra's attack.
The six-headed hydra bites you!
The six-headed hydra bites you but does no damage. x2
You block the six-headed hydra's attack.
11346 ||| READING scroll of teleportation.
As you read the scroll of teleportation, it crumbles to dust.
You feel strangely unstable. The six-headed hydra bites you!
The six-headed hydra bites you but does no damage.
The six-headed hydra bites you! The six-headed hydra bites you.
You die...

#############........
#.7.7 #........ #..77
#........ #...77
#........ #.7..7#
...... #.77..# #
...... ##7+7##.777.#
?.. ........
#..<..#.7777#.PP..
........
+..8..%.%%@DF..~..
........
#..>..#.7777#.....
........ ##7'7##..7
$.. ........
77.77#...7 # ........
#7...7#.7..7 ........
#.....#.77..#
........ #7...7#7.
7.# ........ 77.77 7
7# #........ #####7.7
##........


You could see a six-headed hydra (drained) and a cane toad.

Vanquished Creatures
  2 hydras (Lair:1)
  Pikel (D:6)
  A bog body (Lair:2)
  6 cane toads
  7 komodo dragons
  A blink frog (Lair:2)
  14 yaks (Lair:1)
  Eustachio (D:5)
  A basilisk (Lair:2)
  A steam dragon (D:8)
  An acid dragon (D:8)
  Menkaure (D:5)
  6 water moccasins
  An orc warrior (D:7)
  2 black bears (D:4)
  An ice beast (D:8)
  A sky beast (D:6)
  An ogre (D:5)
  2 lemures (D:6)
  Blork the orc (D:6)
  A necrophage (D:4)
  5 bullfrogs
  A gnoll sergeant (D:5)
  An elf skeleton (D:4)
  4 scorpions
  12 wights (D:8)
  4 killer bees (D:7)
  A howler monkey (D:8)
  3 jellies
  3 hounds
  3 orc priests
  3 human zombies (D:4)
  A human skeleton (D:4)
  An iguana (D:3)
  Natasha (twice) (D:3)
  4 orc wizards
  4 gnolls (D:5)
  12 adders
  A shadow imp (D:7)
  3 white imps
  2 ufetubi
  5 dart slugs
  A worm (D:4)
  36 orcs
  9 endoplasms
  3 giant cockroaches
  14 goblins
  4 hobgoblins
  9 kobolds
  9 quokkas
  9 ball pythons
  5 bats
  8 frilled lizards
  An orc skeleton (D:4)
  5 rats
241 creatures vanquished.

Vanquished Creatures (others)
  11 fungi
  29 plants
40 creatures vanquished.

Grand Total: 281 creatures vanquished

Notes
Turn   | Place    | Note
-------+----------+-------------------------------------------
     0 | D:1      | qw the Minotaur Berserker began the quest for the Orb.
     0 | D:1      | Reached XP level 1. HP: 19/19 MP: 0/0
     0 | D:1      | 0 ||| qw: Version: 0.1-a-107-g9ff403c
     0 | D:1      | 0 ||| qw: Game counter: 6038
     0 | D:1      | 0 ||| qw: Always use a shield: true
     0 | D:1      | 0 ||| qw: Do Orc after D:15 true
     0 | D:1      | 0 ||| qw: Do second Lair branch before Depths: true
     0 | D:1      | 0 ||| qw: Lair rune preference: random
     0 | D:1      | 0 ||| qw: Plans: Normal
     0 | D:1      | 0 ||| PLANNING D:1-11
   142 | D:1      | Reached skill level 4 in Axes
   175 | D:1      | Reached XP level 2. HP: 26/26 MP: 1/1
   184 | D:1      | 184 ||| Stepping ~*~*~tactically~*~*~ (hiding).
   319 | D:1      | 319 ||| Stepping ~*~*~tactically~*~*~ (stealth).
   465 | D:1      | 465 ||| Stepping ~*~*~tactically~*~*~ (hiding).
   567 | D:1      | 567 ||| Stepping ~*~*~tactically~*~*~ (hiding).
   573 | D:1      | Reached skill level 5 in Axes
   717 | D:1      | 717 ||| Stepping ~*~*~tactically~*~*~ (hiding).
   824 | D:1      | Reached XP level 3. HP: 26/31 MP: 2/2
  1131 | D:1      | 1131 ||| DROPPING +0 club.
  1202 | D:1      | 1202 ||| UPGRADING to +0 pair of gloves.
  1207 | D:1      | 1207 ||| UPGRADING to +0 leather armour.
  1217 | D:1      | 1217 ||| DROPPING +0 animal skin.
  1218 | D:1      | 1218 ||| UPGRADING to +0 pair of boots.
  1223 | D:1      | 1223 ||| READING scroll labelled PEUGIU YCHUCHA.
  1224 | D:1      | 1224 ||| READING scroll labelled RAOSEI JAWNOG.
  1228 | D:1      | 1228 ||| READING scroll labelled OKHLOYR DIUPNI.
  1241 | D:2      | 1241 ||| STAIRDANCE
  1250 | D:2      | 1250 ||| Stepping ~*~*~tactically~*~*~ (stealth).
  1257 | D:2      | Reached ** piety under Trog
  1296 | D:2      | 1296 ||| Stepping ~*~*~tactically~*~*~ (stealth).
  1306 | D:2      | 1306 ||| FLEEEEING.
  1307 | D:2      | 1307 ||| FLEEEEING.
  1308 | D:2      | 1308 ||| FLEEEEING.
  1309 | D:2      | 1309 ||| FLEEEEING.
  1310 | D:2      | 1310 ||| FLEEEEING.
  1311 | D:2      | 1311 ||| FLEEEEING.
  1312 | D:2      | 1312 ||| FLEEEEING.
  1313 | D:2      | 1313 ||| FLEEEEING.
  1314 | D:2      | 1314 ||| FLEEEEING.
  1315 | D:2      | 1315 ||| FLEEEEING.
  1316 | D:2      | 1316 ||| FLEEEEING.
  1317 | D:2      | 1317 ||| FLEEEEING.
  1318 | D:2      | 1318 ||| FLEEEEING.
  1319 | D:2      | 1319 ||| FLEEEEING.
  1320 | D:2      | 1320 ||| FLEEEEING.
  1321 | D:2      | 1321 ||| FLEEEEING.
  1583 | D:2      | 1583 ||| Stepping ~*~*~tactically~*~*~ (stealth).
  1584 | D:2      | 1584 ||| Stepping ~*~*~tactically~*~*~ (hiding).
  1630 | D:2      | 1630 ||| Stepping ~*~*~tactically~*~*~ (stealth).
  1631 | D:2      | 1631 ||| Stepping ~*~*~tactically~*~*~ (stealth).
  1696 | D:2      | 1696 ||| DROPPING +2 mace of holy wrath.
  1760 | D:2      | Reached skill level 6 in Axes
  1760 | D:2      | Reached XP level 4. HP: 39/39 MP: 3/3
  1995 | D:2      | 1995 ||| UPGRADING to +0 ring mail.
  2005 | D:2      | 2005 ||| DROPPING +0 leather armour.
  2006 | D:2      | 2006 ||| UPGRADING to ring of protection from fire.
  2007 | D:2      | 2007 ||| READING scroll labelled KULAZXERUL.
  2008 | D:2      | 2008 ||| READING scroll labelled WAJOIGA LUSHREO.
  2009 | D:2      | 2009 ||| READING scroll labelled CEOMMU GAYNT.
  2105 | D:3      | 2105 ||| FLEEEEING.
  2106 | D:3      | 2106 ||| Stepping ~*~*~tactically~*~*~ (hiding).
  2108 | D:3      | 2108 ||| Stepping ~*~*~tactically~*~*~ (hiding).
  2196 | D:3      | 2196 ||| INVOKING Berserk.
  2349 | D:3      | 2349 ||| INVOKING Berserk.
  2352 | D:3      | Reached skill level 7 in Axes
  2352 | D:3      | Reached XP level 5. HP: 45/45 MP: 4/4
  2415 | D:3      | 2415 ||| DROPPING +1 whip of freezing.
  2508 | D:3      | Found a shimmering blue altar of Sif Muna.
  2612 | D:3      | 2612 ||| Stepping ~*~*~tactically~*~*~ (stealth).
  2713 | D:3      | Noticed Natasha
  2714 | D:3      | 2714 ||| INVOKING Berserk.
  2716 | D:3      | Killed Natasha
  2728 | D:3      | Noticed Natasha
  2729 | D:3      | 2729 ||| Stepping ~*~*~tactically~*~*~ (hiding).
  2734 | D:3      | Killed Natasha
  2822 | D:3      | 2822 ||| Stepping ~*~*~tactically~*~*~ (stealth).
  2825 | D:3      | Reached *** piety under Trog
  2862 | D:3      | Reached XP level 6. HP: 52/52 MP: 5/5
  2890 | D:3      | 2890 ||| UPGRADING to +0 scale mail.
  2900 | D:3      | 2900 ||| DROPPING +0 ring mail.
  2901 | D:3      | 2901 ||| UPGRADING to ring of protection from fire.
  2902 | D:3      | 2902 ||| DROPPING ring of magical power.
  2903 | D:3      | 2903 ||| READING scroll labelled POSIKH DYDULIWN.
  2904 | D:3      | 2904 ||| READING 2 scrolls labelled EDAETZ QU SEF.
  2905 | D:3      | 2905 ||| DRINKING 3 bubbling yellow potions.
  2906 | D:3      | 2906 ||| DRINKING 2 inky potions.
  2907 | D:3      | 2907 ||| DRINKING 2 brown potions.
  3000 | D:3      | Noticed Natasha
  3001 | D:3      | 3001 ||| Stepping ~*~*~tactically~*~*~ (stealth).
  3002 | D:3      | 3002 ||| READING 2 scrolls of identify.
  3002 | D:3      | 3002 ||| IDENTIFYING yellow potion
  3003 | D:3      | 3003 ||| DROPPING potion of attraction.
  3004 | D:3      | 3004 ||| DROPPING potion of brilliance.
  3005 | D:3      | 3005 ||| DROPPING scroll of magic mapping.
  3006 | D:3      | 3006 ||| DROPPING potion of ambrosia.
  3030 | D:4      | Found Gaixuo Susta's Weapon Boutique.
  3031 | D:4      | 3031 ||| PLANNING OSSUARY
  3033 | D:4      | 3033 ||| BUYING +0 broad axe (56 gold).
  3033 | D:4      | Bought a +0 broad axe for 56 gold pieces
  3033 | D:4      | 3033 ||| SWAPPING to +0 broad axe.
  3034 | D:4      | 3034 ||| DROPPING +1 hand axe.
  3149 | D:4      | Found Qoci's Assorted Antiques.
  3156 | D:4      | 3156 ||| BUYING scroll of enchant weapon (172 gold).
  3156 | D:4      | Bought a scroll of enchant weapon for 172 gold pieces
  3156 | D:4      | 3156 ||| SHOPLISTING shiny ring mail (161 gold, have 5).
  3156 | D:4      | 3156 ||| READING scroll of enchant weapon.
  3156 | D:4      | 3156 ||| ENCHANTING +0 broad axe.
  3200 | D:4      | Reached skill level 8 in Axes
  3309 | D:4      | 3309 ||| INVOKING Berserk.
  3332 | D:4      | 3332 ||| Stepping ~*~*~tactically~*~*~ (stealth).
  3333 | D:4      | 3333 ||| Stepping ~*~*~tactically~*~*~ (stealth).
  3338 | D:4      | 3338 ||| Stepping ~*~*~tactically~*~*~ (stealth).
  3464 | D:4      | 3464 ||| INVOKING Berserk.
  3470 | D:4      | Reached skill level 9 in Axes
  3470 | D:4      | Reached XP level 7. HP: 59/59 MP: 6/6
  3586 | D:4      | 3586 ||| Stepping ~*~*~tactically~*~*~ (stealth).
  3629 | D:4      | 3629 ||| RIP OSSUARY
  3643 | D:4      | 3643 ||| PLANNING D:1-11
  3767 | D:4      | 3767 ||| INVOKING Berserk.
  3899 | D:4      | Found a sparkling altar of Nemelex Xobeh.
  4015 | D:4      | 4015 ||| Stepping ~*~*~tactically~*~*~ (stealth).
  4046 | D:4      | 4046 ||| Stepping ~*~*~tactically~*~*~ (stealth).
  4057 | D:4      | Found Goutyrue's Armour Boutique.
  4065 | D:4      | 4065 ||| SHOPLISTING +1 pair of boots (149 gold, have 11).
  4065 | D:4      | 4065 ||| SHOPLISTING +2 cloak (214 gold, have 11).
  4195 | D:4      | Reached skill level 10 in Axes
  4348 | D:4      | Reached skill level 1 in Throwing
  4355 | D:4      | Reached skill level 3 in Armour
  4526 | D:4      | 4526 ||| UPGRADING to +0 chain mail.
  4536 | D:4      | 4536 ||| DROPPING +0 scale mail.
  4537 | D:4      | 4537 ||| DRINKING 2 glowing brown potions.
  4554 | D:5      | Entered Level 5 of the Dungeon
  4589 | D:5      | Noticed Menkaure
  4591 | D:5      | 4591 ||| Stepping ~*~*~tactically~*~*~ (hiding).
  4593 | D:5      | 4593 ||| INVOKING Berserk.
  4597 | D:5      | Killed Menkaure
  4598 | D:5      | Reached XP level 8. HP: 38/70 MP: 7/7
  4807 | D:5      | 4807 ||| DROPPING +2 vorpal war axe.
  4838 | D:5      | 4838 ||| Stepping ~*~*~tactically~*~*~ (hiding).
  4845 | D:5      | Reached skill level 6 in Fighting
  4993 | D:5      | Noticed Eustachio
  4994 | D:5      | 4994 ||| INVOKING Berserk.
  4997 | D:5      | Killed Eustachio
  5102 | D:5      | Found an iron altar of Okawaru.
  5152 | D:5      | Reached skill level 11 in Axes
  5185 | D:5      | Found a blossoming altar of Fedhas.
  5200 | D:5      | 5200 ||| Stepping ~*~*~tactically~*~*~ (stealth).
  5241 | D:5      | 5241 ||| FLEEEEING.
  5242 | D:5      | 5242 ||| FLEEEEING.
  5243 | D:5      | 5243 ||| FLEEEEING.
  5244 | D:5      | 5244 ||| FLEEEEING.
  5245 | D:5      | 5245 ||| FLEEEEING.
  5248 | D:5      | 5248 ||| INVOKING Berserk.
  5435 | D:5      | 5435 ||| UPGRADING to +0 buckler.
  5440 | D:5      | 5440 ||| UPGRADING to +0 plate armour.
  5450 | D:5      | 5450 ||| DROPPING +0 chain mail.
  5451 | D:5      | 5451 ||| READING 2 scrolls of identify.
  5451 | D:5      | 5451 ||| IDENTIFYING golden potion
  5509 | D:6      | Reached skill level 1 in Shields
  5577 | D:6      | 5577 ||| Stepping ~*~*~tactically~*~*~ (stealth).
  5577 | D:6      | Noticed Blork the orc
  5580 | D:6      | 5580 ||| INVOKING Berserk.
  5583 | D:6      | Reached **** piety under Trog
  5584 | D:6      | Reached skill level 3 in Shields
  5587 | D:6      | Killed Blork the orc
  5713 | D:6      | Noticed Pikel
  5718 | D:6      | 5718 ||| INVOKING Berserk.
  5732 | D:6      | Killed Pikel
  5733 | D:6      | Reached skill level 6 in Shields
  5733 | D:6      | Reached XP level 9. HP: 57/75 MP: 8/8
  5906 | D:6      | 5906 ||| INVOKING Berserk.
  6089 | D:6      | Found Vuasm's Magic Scroll Boutique.
  6098 | D:6      | 6098 ||| BUYING scroll of enchant armour (105 gold).
  6098 | D:6      | Bought a scroll of enchant armour for 105 gold pieces
  6098 | D:6      | 6098 ||| SHOPLISTING scroll of identify (28 gold, have 8).
  6098 | D:6      | 6098 ||| SHOPLISTING scroll of teleportation (42 gold, have
                  | 8).
  6098 | D:6      | 6098 ||| READING scroll of enchant armour.
  6098 | D:6      | 6098 ||| ENCHANTING +0 pair of gloves.
  6238 | D:6      | 6238 ||| INVOKING Berserk.
  6389 | D:6      | Found a staircase to the Ecumenical Temple.
  6457 | D:6      | 6457 ||| READING 2 scrolls of identify.
  6457 | D:6      | 6457 ||| IDENTIFYING glowing emerald potion
  6458 | D:6      | 6458 ||| DROPPING potion of flight.
  6487 | D:7      | 6487 ||| Stepping ~*~*~tactically~*~*~ (stealth).
  6491 | D:7      | 6491 ||| Stepping ~*~*~tactically~*~*~ (hiding).
  6494 | D:7      | 6494 ||| INVOKING Berserk.
  6503 | D:7      | Reached skill level 12 in Axes
  6669 | D:7      | Found a burning altar of Makhleb.
  6709 | D:7      | 6709 ||| Stepping ~*~*~tactically~*~*~ (stealth).
  6734 | D:7      | 6734 ||| Stepping ~*~*~tactically~*~*~ (stealth).
  6738 | D:7      | Reached skill level 6 in Armour
  6836 | D:7      | 6836 ||| Stepping ~*~*~tactically~*~*~ (stealth).
  6865 | D:7      | 6865 ||| DRINKING 3 potions of curing.
  6865 | D:7      | 6865 ||| (to cure confusion)
  7051 | D:7      | 7051 ||| Stepping ~*~*~tactically~*~*~ (hiding).
  7052 | D:7      | 7052 ||| Stepping ~*~*~tactically~*~*~ (hiding).
  7271 | D:7      | 7271 ||| UPGRADING to +6 ring of intelligence.
  7273 | D:7      | 7273 ||| READING scroll labelled ASINOS XOUJIDD.
  7274 | D:7      | 7274 ||| READING 4 scrolls of identify.
  7274 | D:7      | 7274 ||| IDENTIFYING silvery potion
  7275 | D:7      | 7275 ||| READING 3 scrolls of identify.
  7275 | D:7      | 7275 ||| IDENTIFYING lumpy grey potion
  7307 | D:8      | 7307 ||| INVOKING Berserk.
  7318 | D:8      | 7318 ||| FLEEEEING.
  7319 | D:8      | 7319 ||| FLEEEEING.
  7320 | D:8      | 7320 ||| FLEEEEING.
  7321 | D:8      | 7321 ||| STAIRDANCE
  7431 | D:8      | 7431 ||| INVOKING Berserk.
  7500 | D:8      | 7500 ||| Stepping ~*~*~tactically~*~*~ (stealth).
  7638 | D:8      | Found a staircase to the Lair.
  7638 | D:8      | Noticed a komodo dragon
  7651 | D:8      | 7651 ||| INVOKING Berserk.
  7658 | D:8      | Killed a komodo dragon
  7834 | D:8      | 7834 ||| Stepping ~*~*~tactically~*~*~ (stealth).
  7872 | D:8      | Reached skill level 13 in Axes
  7898 | D:8      | 7898 ||| Stepping ~*~*~tactically~*~*~ (stealth).
  7905 | D:8      | 7905 ||| Stepping ~*~*~tactically~*~*~ (stealth).
  7906 | D:8      | 7906 ||| Stepping ~*~*~tactically~*~*~ (stealth).
  7938 | D:8      | 7938 ||| Stepping ~*~*~tactically~*~*~ (stealth).
  7939 | D:8      | 7939 ||| Stepping ~*~*~tactically~*~*~ (stealth).
  7942 | D:8      | 7942 ||| Stepping ~*~*~tactically~*~*~ (stealth).
  7944 | D:8      | 7944 ||| Stepping ~*~*~tactically~*~*~ (stealth).
  7946 | D:8      | 7946 ||| Stepping ~*~*~tactically~*~*~ (stealth).
  7947 | D:8      | 7947 ||| Stepping ~*~*~tactically~*~*~ (stealth).
  7948 | D:8      | 7948 ||| Stepping ~*~*~tactically~*~*~ (stealth).
  8141 | D:8      | Found a shadowy altar of Dithmenos.
  8231 | D:8      | Found Ixosar's Antique Weapon Shop.
  8315 | D:8      | 8315 ||| Stepping ~*~*~tactically~*~*~ (hiding).
  8321 | D:8      | Reached XP level 10. HP: 86/86 MP: 9/9
  8365 | D:8      | 8365 ||| Stepping ~*~*~tactically~*~*~ (stealth).
  8520 | D:8      | Found a glowing golden altar of the Shining One.
  8520 | D:8      | Found a glowing silver altar of Zin.
  8520 | D:8      | Found a white marble altar of Elyvilon.
  8533 | D:8      | 8533 ||| PLANNING LAIR
  8533 | D:8      | 8533 ||| UPGRADING to +0 cloak.
  8538 | D:8      | 8538 ||| READING 3 scrolls of identify.
  8538 | D:8      | 8538 ||| IDENTIFYING fuming ruby potion
  8539 | D:8      | 8539 ||| DROPPING potion of degeneration.
  8586 | Lair:1   | Entered Level 1 of the Lair of Beasts
  8587 | Lair:1   | 8587 ||| INVOKING Berserk.
  8891 | Lair:1   | Found a bloodstained altar of Trog.
  9022 | Lair:1   | 9022 ||| Stepping ~*~*~tactically~*~*~ (stealth).
  9024 | Lair:1   | 9024 ||| Stepping ~*~*~tactically~*~*~ (stealth).
  9027 | Lair:1   | 9027 ||| Stepping ~*~*~tactically~*~*~ (stealth).
  9029 | Lair:1   | 9029 ||| INVOKING Berserk.
  9044 | Lair:1   | Reached skill level 14 in Axes
  9179 | Lair:1   | Noticed a cane toad
  9183 | Lair:1   | 9183 ||| INVOKING Berserk.
  9185 | Lair:1   | Killed a cane toad
  9197 | Lair:1   | Reached skill level 3 in Dodging
  9458 | Lair:1   | Noticed a six-headed hydra
  9459 | Lair:1   | 9459 ||| INVOKING Brothers in Arms.
  9460 | Lair:1   | 9460 ||| INVOKING Brothers in Arms.
  9462 | Lair:1   | 9462 ||| SWAPPING to +0 flail of draining.
  9463 | Lair:1   | 9463 ||| INVOKING Berserk.
  9465 | Lair:1   | Killed a six-headed hydra
  9480 | Lair:1   | 9480 ||| SWAPPING to +1 broad axe.
  9536 | Lair:1   | Noticed a cane toad
  9536 | Lair:1   | Noticed a cane toad
  9537 | Lair:1   | 9537 ||| Stepping ~*~*~tactically~*~*~ (stealth).
  9540 | Lair:1   | 9540 ||| Stepping ~*~*~tactically~*~*~ (stealth).
  9541 | Lair:1   | 9541 ||| INVOKING Berserk.
  9547 | Lair:1   | Killed a cane toad
  9548 | Lair:1   | Reached skill level 15 in Axes
  9601 | Lair:1   | 9601 ||| INVOKING Berserk.
  9604 | Lair:1   | Killed a cane toad
  9605 | Lair:1   | Reached XP level 11. HP: 95/95 MP: 10/10
  9739 | Lair:1   | 9739 ||| Stepping ~*~*~tactically~*~*~ (stealth).
  9744 | Lair:1   | 9744 ||| INVOKING Berserk.
  9746 | Lair:1   | Reached skill level 9 in Fighting
  9902 | Lair:1   | Noticed a seven-headed hydra
  9904 | Lair:1   | 9904 ||| SWAPPING to +0 flail of draining.
  9905 | Lair:1   | 9905 ||| INVOKING Berserk.
  9909 | Lair:1   | Killed a seven-headed hydra
  9964 | Lair:1   | 9964 ||| SWAPPING to +1 broad axe.
 10174 | Lair:1   | 10174 ||| Stepping ~*~*~tactically~*~*~ (stealth).
 10181 | Lair:1   | 10181 ||| Stepping ~*~*~tactically~*~*~ (stealth).
 10182 | Lair:1   | 10182 ||| Stepping ~*~*~tactically~*~*~ (stealth).
 10187 | Lair:1   | 10187 ||| Stepping ~*~*~tactically~*~*~ (stealth).
 10520 | Lair:1   | 10520 ||| READING scroll labelled BIMEIG YGYBICH.
 10521 | Lair:1   | 10521 ||| READING scroll labelled USUM GETSE.
 10522 | Lair:1   | 10522 ||| DRINKING 2 fizzy golden potions.
 10563 | Lair:1   | 10563 ||| READING 5 scrolls of identify.
 10563 | Lair:1   | 10563 ||| IDENTIFYING sapphire potion
 10564 | Lair:1   | 10564 ||| READING 4 scrolls of identify.
 10564 | Lair:1   | 10564 ||| IDENTIFYING lumpy cyan potion
 10565 | Lair:1   | 10565 ||| DROPPING potion of lignification.
 10566 | Lair:1   | 10566 ||| DROPPING potion of berserk rage.
 10567 | Lair:1   | 10567 ||| DROPPING potion of magic.
 10621 | Lair:2   | 10621 ||| INVOKING Berserk.
 10772 | Lair:2   | Found a staircase to the Swamp.
 10772 | Lair:2   | Noticed a bog body
 10782 | Lair:2   | Killed a bog body
 10783 | Lair:2   | Reached skill level 16 in Axes
 10874 | Lair:2   | 10874 ||| INVOKING Berserk.
 10996 | Lair:2   | 10996 ||| INVOKING Berserk.
 10999 | Lair:2   | Reached skill level 9 in Armour
 11127 | Lair:2   | 11127 ||| INVOKING Berserk.
 11316 | Lair:2   | 11316 ||| INVOKING Berserk.
 11322 | Lair:2   | Noticed a six-headed hydra
 11341 | Lair:2   | 11341 ||| SWAPPING to +0 flail of draining.
 11345 | Lair:2   | HP: 21/97 [six-headed hydra (7)]
 11346 | Lair:2   | 11346 ||| READING scroll of teleportation.
 11346 | Lair:2   | HP: 2/97 [six-headed hydra (11)]
 11346 | Lair:2   | Slain by a six-headed hydra

Levels and vault maps discovered:
D:1:      scummos_arrival_hexagon, layout_rooms
D:2:      layout_rooms, minmay_domino_2
D:3:      minmay_bubble_buster, layout_rooms, nicolae_sif_muna_condensation,
          uniq_natasha
D:4:      layout_loops_corners, marbit_many_paths, serial_shops, shop,
          nicolae_stop_n_shop_1, shop_fountains, nicolae_ossuary_entry_catacombs
D:5:      layout_rooms, mainiacjoe_overflow_cross_hatched, fedhas_altar_3,
          uniq_eustachio, uniq_menkaure
D:6:      layout_layer_cave, minmay_temple_entry_gardened_gates, serial_shops,
          shop, uniq_pikel, uniq_blork_the_orc
D:7:      layout_basic, makhleb_heckhound_becter
D:8:      layout_loops_cross, good_gods_mini_temple, kennysheep_mini_moat,
          david_lair_shrubbed, serial_shops, shop
Lair:1:   wad_woods_04, layout_cave_pods, basic_altar, minmay_stone_trees_small,
          roderic_batcave
Lair:2:   nzn_winding_woodlands_stair_cross [nzn_winding_woodlands_5x15_crooked,
          nzn_winding_woodlands_center_garden,
          nzn_winding_woodlands_5x15_pockets, nzn_winding_woodlands_5x5_three,
          nzn_winding_woodlands_5x5_open_star,
          nzn_winding_woodlands_5x15_longhouse,
          nzn_winding_woodlands_center_diamonds,
          nzn_winding_woodlands_5x15_jagged], layout_regular_city,
          skrybe_swamp_entry_bodies, dummy_snake_entry

Skill      XL: |  1  2  3  4  5  6  7  8  9 10 11 |
---------------+----------------------------------+-----
Axes           | 4 5 6 7 9 10 11 13 15 16 | 16.9
Fighting       | 4 5 6 7 8 9 |  9.0
Throwing       | 1 2 |  2.6
Armour         | 4 5 6 8 9 |  9.0
Shields        | 6 |  6.6
Dodging        | 3 |  3.5

Action                   |  1- 3 |  4- 6 |  7- 9 | 10-12 || total
-------------------------+-------+-------+-------+-------++-------
Melee: Hand axe          |    85 |    61 |       |       ||   146
       Headbutt          |    12 |    14 |    39 |    40 ||   105
       Punch             |     1 |       |       |       ||     1
       Broad axe         |       |    18 |   248 |   148 ||   414
       Flail             |       |       |       |    10 ||    10
Throw: Boomerang         |       |    26 |    62 |    30 ||   118
Invok: Berserk           |       |     5 |    12 |    13 ||    30
       Brothers in Arms  |       |       |       |     1 ||     1
  Use: Scroll            |     3 |     7 |     6 |     6 ||    22
       Potion            |       |     3 |     2 |     1 ||     6
 Stab: Distracted        |       |       |     1 |       ||     1
Armor: Animal skin       |     5 |       |       |       ||     5
       Leather armour    |     8 |       |       |       ||     8
       Ring mail         |       |    19 |       |       ||    19
       Scale mail        |       |     9 |    15 |       ||    24
       Chain mail        |       |       |    16 |       ||    16
       Plate armour      |       |       |    64 |    68 ||   132
Dodge: Dodged            |    45 |    28 |    67 |    38 ||   178
Block: Buckler           |       |       |    22 |    31 ||    53

Table legend:
 A = Non-vault XP
 B = Vault XP
 C = Vault XP percentage of total XP
 D = Non-vault monster count
 E = Vault monster count
 F = Vault count percentage of total count
                 A         B        C        D         E       F
            +---------+---------+-------+---------+---------+-------
      Total |   13029 |    4073 |  23.8 |     197 |      42 |  17.6
            +---------+---------+-------+---------+---------+-------
        D:1 |      58 |       0 |   0.0 |      31 |       0 |   0.0
        D:2 |      48 |      14 |  22.6 |      16 |       2 |  11.1
        D:3 |     186 |      85 |  31.4 |      20 |      17 |  45.9
        D:4 |     534 |     372 |  41.1 |      24 |       7 |  22.6
        D:5 |     441 |     345 |  43.9 |      17 |       2 |  10.5
        D:6 |     398 |     796 |  66.7 |      10 |       2 |  16.7
        D:7 |     588 |      45 |   7.1 |      20 |       1 |   4.8
        D:8 |    1509 |     338 |  18.3 |      28 |       1 |   3.4
     Lair:1 |    7390 |       0 |   0.0 |      25 |       0 |   0.0
     Lair:2 |    1877 |    2078 |  52.5 |       6 |      10 |  62.5
            +---------+---------+-------+---------+---------+-------
